 Dungeon Crawl Stone Soup version 0.22-a0-825-ga28c36f (webtiles) character file.

217 theanonym the Chopper (level 5, -3/42 HPs)
             Began as a Mummy Warper on July 24, 2018.
             Slain by a scorpion (8 damage)
             ... on level 4 of the Dungeon.
             The game lasted 00:04:27 (3674 turns).

theanonym the Chopper (Mummy Warper)                Turns: 3674, Time: 00:04:28

Health: -3/42      AC:  5    Str: 15    XL:     5   Next: 61%
Magic:  9/9        EV: 11    Int: 12    God:
Gold:   152        SH:  0    Dex: 12    Spells: 4/9 levels left

rFire    . . .     SeeInvis .   a - +0 hand axe
rCold    + . .     Gourm    .   (no shield)
rNeg     + + +     Faith    .   k - +0 ring mail
rPois    ∞         Spirit   .   (no helmet)
rElec    .         Reflect  .   (no cloak)
rCorr    .         Harm     .   (no gloves)
MR       .....                  (no boots)
Stlth    ..........             (no amulet)
HPRegen  0.14/turn              c - ring of attention
MPRegen  0.11/turn              h - ring of protection from fire

@: no status effects
A: no food or potions, fire vulnerability, cold resistance 1, negative energy
resistance 3, torment resistance, unbreathing
a: no special abilities


Innate Abilities, Weirdness & Mutations

You do not eat or drink.
Your flesh is vulnerable to fire.
You are immune to poison.
Your flesh is cold resistant. (rC+)
You are immune to negative energy. (rN+++)
You are immune to unholy pain and torment.
You can survive without breathing.


   Skills:
 + Level 3.7 Fighting
 * Level 4.1 Axes
 - Level 0.7 Throwing
 - Level 0.7 Armour
 - Level 1.5 Dodging
 - Level 2.6 Spellcasting
 - Level 2.4 Translocations


You had 4 spell levels left.
You knew the following spells:

 Your Spells              Type           Power        Failure   Level  Hunger
e - Lesser Beckoning      Tloc           #.........   50%         3    N/A
l - Blink                 Tloc           N/A          28%         2    N/A

Your spell library contained the following spells:

 Spells                   Type           Power        Failure   Level  Hunger
 Teleport Other           Tloc           #.......     50%         3    N/A
 Passage of Golubria      Tloc           N/A          88%         4    N/A
 Shroud of Golubria       Chrm/Tloc      #.........   43%         2    N/A
 Gell's Gravitas          Tloc           #.........   50%         3    N/A

Skill      XL: |  1  2  3  4  5 |
---------------+----------------+-----
Axes           | 2 3 4 |  4.1
Fighting       | 3 |  3.7
Throwing       | |  0.7
Armour         | |  0.7
Dodging        | |  1.5
Spellcasting   | |  2.6
Translocations | |  2.4

Action                   |  1- 3 |  4- 6 || total
-------------------------+-------+-------++-------
Melee: Hand axe          |   124 |   162 ||   286
  Use: Scroll            |       |     3 ||     3
Armor: Leather armour    |    17 |       ||    17
       Ring mail         |    19 |    49 ||    68
Dodge: Dodged            |    83 |    98 ||   181

Inventory:

Hand Weapons
 a - a +0 hand axe (weapon)
Missiles
 e - 5 tomahawks of dispersal (quivered)
 l - a throwing net
Armour
 b - a +0 leather armour
 k - a +0 ring mail (worn)
   (You found it on level 1 of the Dungeon)
Jewellery
 c - a ring of attention (left hand)
   (You found it on level 1 of the Dungeon)
 h - a ring of protection from fire (right hand)
   (You found it on level 1 of the Dungeon)
Wands
 j - a wand of random effects (31)
   (You found it on level 3 of the Dungeon)
Scrolls
 d - a scroll of enchant armour {unknown}
 f - a scroll of identify {unknown}
 g - a scroll of magic mapping {unknown}
 i - 2 scrolls of amnesia {unknown}
 n - 3 scrolls of remove curse
 t - a scroll of teleportation {!r}


You were on level 4 of the Dungeon.
You were not hungry.

You visited 1 branch of the dungeon, and saw 4 of its levels.

You collected 152 gold pieces.

Dungeon Overview and Level Annotations

Branches:
Dungeon (4/15)
 Temple: D:4-7

Altars:
Dithmenos

Annotations:
D:2 Sigmund
D:3 eyesofgods1's ghost, weakling FeMo

#. #.###.# #.##.#
##. #.###.###.##.#
. ..
#.##....#.#..# ..
..#.#...#.#.#.##
...#.#.#..##.#.#.#
(......#..#....#.#
.......>..######)#
..........##.....#
#..s@......####
.###...###..#
.............#
...###.#####.# ...
.... ..# .. ..##.#
### ) .. #.. . #..
#.


You could see a scorpion.

Notes
Turn   | Place    | Note
-------+----------+-------------------------------------------
     0 | D:1      | theanonym the Mummy Warper began the quest for the Orb.
     0 | D:1      | Reached XP level 1. HP: 16/16 MP: 4/4
    25 | D:1      | Reached skill level 2 in Axes
    34 | D:1      | Reached XP level 2. HP: 18/22 MP: 5/5
    35 | D:1      | HP: 10/22 [hobgoblin (4)]
    40 | D:1      | HP: 9/22 [hobgoblin (1)]
   269 | D:1      | HP: 11/23 [goblin (1)]
   517 | D:1      | HP: 10/23 [kobold/dagger (5)]
   526 | D:1      | HP: 8/23 [kobold/dagger (1)]
   529 | D:1      | HP: 3/23 [kobold/dagger (2)]
   543 | D:1      | HP: 3/23 [bat (1)]
  1185 | D:2      | Reached XP level 3. HP: 28/28 MP: 7/7
  1367 | D:2      | HP: 12/28 [worker ant (4)]
  1374 | D:2      | Reached skill level 3 in Axes
  1608 | D:2      | Noticed Sigmund
  1632 | D:1      | Reached XP level 4. HP: 28/34 MP: 8/8
  1690 | D:1      | Learned a level 2 spell: Blink
  1694 | D:1      | Learned a level 3 spell: Lesser Beckoning
  1736 | D:2      | Found a runed door.
  1767 | D:2      | Reached skill level 3 in Fighting
  1879 | D:2      | HP: 15/35 [adder (3)]
  2367 | D:3      | Found a runed gate.
  2367 | D:3      | Found a runed gate.
  2367 | D:3      | Found a runed gate.
  2367 | D:3      | Noticed eyesofgods1's ghost (weakling FeMo)
  2558 | D:3      | Found a shadowy altar of Dithmenos.
  2845 | D:4      | Reached XP level 5. HP: 22/41 MP: 9/9
  2999 | D:4      | HP: 18/41 [scorpion (3)]
  3003 | D:4      | HP: 8/41 [scorpion (3)]
  3325 | D:4      | HP: 20/41 [scorpion (2)]
  3328 | D:4      | Reached skill level 4 in Axes
  3667 | D:4      | HP: 20/42 [scorpion (4)]
  3670 | D:4      | HP: 8/42 [scorpion (5)]
  3674 | D:4      | Slain by a scorpion

Vanquished Creatures
  A scorpion (D:4)
  2 worker ants
  6 adders
  2 oozes
  2 worms
  3 leopard geckos
  4 giant cockroaches
  5 goblins
  7 hobgoblins
  2 jackals (D:3)
  5 kobolds
  A quokka (D:3)
  A ball python (D:2)
  5 bats
  3 frilled lizards
  4 rats
53 creatures vanquished.

Table legend:
 A = Turns spent in this place as a percentage of turns spent in the entire game.
 B = Non-inter-level travel turns spent in this place as a percentage of non-inter-level travel turns spent in the entire game.
 C = Inter-level travel turns spent in this place as a percentage of turns spent in this place.
 D = Turns resting spent in this place as a percentage of non-inter-level travel turns spent in this place.
 E = Turns spent auto-exploring this place as a percentage of non-inter-level travel turns spent in this place.
 F = Non-inter-level travel turns spent in this place divided by the number of levels of this place that you've seen.
                   A       B       C       D       E      F
               +-------+-------+-------+-------+-------+----------------------
         Total | 100.0 | 100.0 |   3.3 |  56.4 |  29.0 | 888.2
       Dungeon | 100.0 | 100.0 |   3.3 |  56.4 |  29.0 | 888.2
               +-------+-------+-------+-------+-------+----------------------
